 Dungeon Crawl Stone Soup version 0.28.0 (webtiles) character file.

Game seed: 13416569743970467140

630 Minsecho the Chopper (level 7, -2/61 HPs)
             Began as a Hill Orc Fighter on Feb 10, 2022.
             Was a Priest of Kikubaaqudgha.
             Succumbed to a water moccasin's poison
             ... on level 6 of the Dungeon.
             The game lasted 00:06:18 (4691 turns).

Minsecho the Chopper (Hill Orc Fighter)             Turns: 4691, Time: 00:06:19

Health: -2/61      AC:  8    Str: 21    XL:     7   Next: 48%
Magic:  3/7        EV:  9    Int: 11    God:    Kikubaaqudgha [***...]
Gold:   218        SH:  4    Dex: 10    Spells: 6/6 levels left

rFire   + . .      SeeInvis .   a - +0 war axe
rCold   + . .      Faith    .   c - +0 buckler
rNeg    . . .      Spirit   +   b - +0 scale mail
rPois   +          Reflect  .   h - +0 helmet {Int+3}
rElec   +          Harm     .   (no cloak)
rCorr   +          Rampage  .   (no gloves)
Will    .....                   (no boots)
Stlth   +.........              s - amulet of guardian spirit
HPRegen 0.20/turn               (no ring)
MPRegen 0.10/turn               (no ring)

@: brilliant, lethally poisoned (-2 -> -12), resistant, attractive
A: camouflage 1, high MP 1
a: Renounce Religion, Receive Corpses


You were on level 6 of the Dungeon.
You worshipped Kikubaaqudgha.
Kikubaaqudgha was most pleased with you.
You visited 1 branch of the dungeon, and saw 6 of its levels.

You collected 308 gold pieces.
You spent 90 gold pieces at shops.

Inventory:

Hand Weapons
 a - a +0 war axe (weapon)
Missiles
 i - 2 throwing nets (quivered)
 t - 4 boomerangs
Armour
 b - a +0 scale mail (worn)
 c - a +0 buckler (worn)
 h - a +0 helmet of intelligence (worn)
Jewellery
 o - a ring of fire
 s - an amulet of guardian spirit (around neck)
Wands
 k - a wand of flame (16)
Scrolls
 e - a scroll of enchant weapon
 f - a scroll of identify
 j - 2 scrolls of teleportation
 l - a scroll of vulnerability {unknown}
 n - a scroll of amnesia {unknown}
 q - a scroll of blinking {unknown}
 r - a scroll of fear {unknown}
 u - a scroll of magic mapping {unknown}
 w - a scroll of noise {unknown}
Potions
 d - a potion of mutation


   Skills:
 + Level 5.1 Fighting
 + Level 6.8 Axes
 + Level 5.3 Armour
 + Level 1.2 Dodging
 + Level 0.3 Stealth
 + Level 4.4 Shields
 * Level 1.2 Necromancy


You had 6 spell levels left.
You didn't know any spells.
Your spell library contained the following spells:

 Spells                   Type           Power      Damage    Failure   Level
 Animate Skeleton         Necr           8%         N/A       58%         1
 Freeze                   Ice            0%         1d3       75%         1
 Corpse Rot               Necr/Air       4%         N/A       80%         2
 Blink                    Tloc           0%         N/A       87%         2
 Poisonous Vapours        Pois/Air       0%         N/A       87%         2
 Vampiric Draining        Necr           4%         2d6       91%         3
 Frozen Ramparts          Ice            0%         1d2       98%         3
 Lesser Beckoning         Tloc           0%         N/A       98%         3
 Animate Dead             Necr           2%         N/A       100%        4
 Dispel Undead            Necr           4%         3d7       100%        4
 Hailstorm                Conj/Ice       0%         3d3       100%        4
 Agony                    Necr           4%         N/A       100%        5
 Borgnjor's Vile Clutch   Necr/Erth      1%         N/A       100%        5
 Excruciating Wounds      Necr           2%         N/A       100%        5
 Manifold Assault         Tloc           0%         N/A       100%        5
 Simulacrum               Ice/Necr       1%         N/A       100%        6


Dungeon Overview and Level Annotations

Branches:
Dungeon (6/15)
 Temple: D:4-7

Altars:
Cheibriados
Elyvilon
Kikubaaqudgha
Nemelex Xobeh
Sif Muna
Yredelemnul
Zin
Beogh

Shops:
D:5 [

Annotations:
D:4 3 runed translucent doors, hikkokomori's ghost, amateur FoFi


Innate Abilities, Weirdness & Mutations

Your skin changes colour to match your surroundings (Stealth+).
You have an increased reservoir of magic. (+10% MP)


Message History

It was a potion of mutation.
You feel extremely strange.
You feel more energetic.
Your skin functions as natural camouflage.
You feel sick. The water moccasin misses you.
You block the water moccasin's attack.
It was a potion of brilliance.
You feel clever all of a sudden.
You feel sick.
The water moccasin bites you but does no damage.
It was a potion of resistance.
You feel protected.
You feel sick. The water moccasin bites you.
It was a potion of attraction.
You feel attractive to monsters.
You feel sick. The water moccasin closely misses you.
The water moccasin bites you.
* * * LOW HITPOINT WARNING * * *
You are lethally poisoned!
The water moccasin poisons you!
It was a potion of magic.
Magic courses through your body.
* * * LOW HITPOINT WARNING * * *
You feel very sick. The water moccasin barely misses you.
As you read the scroll labelled URUHIR QONUO, it crumbles to dust.
It is a scroll of identify.
e - a scroll of enchant weapon
* * * LOW HITPOINT WARNING * * *
You feel very sick. The water moccasin barely misses you.
The water moccasin bites you.
* * * LOW HITPOINT WARNING * * *
Okay, then.
Unknown command.
Okay, then.
Aiming: Throw Flame
Press: ? - help, Shift-Dir - straight line, f - water moccasin
Aim: a water moccasin (severely wounded, 48% to hit)
The puff of flame hits the water moccasin.
The water moccasin is almost dead.
You die...
Kikubaaqudgha rasps: "You have failed me!
Welcome... death!"

#..###).....#########
#..# #...............
#... +.......########
##.# #.......# #.#
####'##.# #.# #.##.#
#. #.##..
######.#########
........@S.......
####.....#######.
+.....+ #..[..#
#...... #......
#....... #.##....


You could see a water moccasin.

Vanquished Creatures
  2 necrophages
  A hound (D:6)
  A bullfrog zombie (D:5)
  A bullfrog skeleton (D:6)
  A gnoll shaman (D:6)
  An iguana (D:4)
  An orc wizard (D:4)
  A hound skeleton (D:4)
  Robin (D:2)
  9 gnolls
  4 adders
  A howler monkey skeleton (D:4)
  An ufetubus (D:4)
  An adder skeleton (D:5)
  3 worms
  15 orcs
  4 endoplasms
  A giant cockroach (D:4)
  16 goblins
  9 hobgoblins
  2 jackals (D:4)
  8 kobolds
  5 quokkas
  7 ball pythons
  9 bats
  4 frilled lizards
  3 rats
112 creatures vanquished.

Notes
Turn   | Place    | Note
-------+----------+-------------------------------------------
     0 | D:1      | Minsecho the Hill Orc Fighter began the quest for the Orb.
     0 | D:1      | Reached XP level 1. HP: 19/19 MP: 1/1
   187 | D:1      | Reached XP level 2. HP: 27/27 MP: 2/2
   189 | D:1      | Reached skill level 3 in Axes
   191 | D:1      | Found a faded altar of an unknown god.
   230 | D:1      | Prayed at the altar of an unknown god.
   230 | D:1      | Became a worshipper of Kikubaaqudgha
   230 | D:1      | Reached * piety under Kikubaaqudgha
   230 | D:1      | Received a gift from Kikubaaqudgha
   280 | D:1      | You fall into a shaft and drop 1 floor!
   354 | D:2      | Noticed a necrophage
   367 | D:2      | Killed a necrophage
   368 | D:2      | Reached skill level 4 in Axes
   368 | D:2      | Reached XP level 3. HP: 34/34 MP: 3/3
   368 | D:2      | Reached XP level 4. HP: 41/41 MP: 4/4
   416 | D:2      | Noticed Robin
   432 | D:2      | Reached XP level 5. HP: 37/47 MP: 5/5
   441 | D:2      | Killed Robin
   573 | D:2      | Reached skill level 5 in Axes
   673 | D:2      | Reached ** piety under Kikubaaqudgha
  1418 | D:3      | Found a glowing silver altar of Zin.
  1419 | D:3      | Found Zin's Purification Station.
  1448 | D:3      | Bought a potion of curing for 90 gold pieces
  1936 | D:4      | Reached XP level 6. HP: 40/53 MP: 6/6
  2021 | D:4      | Found an ancient bone altar of Kikubaaqudgha.
  2155 | D:4      | Reached *** piety under Kikubaaqudgha
  2155 | D:4      | Received a gift from Kikubaaqudgha
  2926 | D:4      | Found a snail-covered altar of Cheibriados.
  3279 | D:4      | Found a shimmering blue altar of Sif Muna.
  3279 | D:4      | Found a basalt altar of Yredelemnul.
  3286 | D:4      | Found a faded altar of an unknown god.
  3288 | D:4      | Found a sparkling altar of Nemelex Xobeh.
  3290 | D:4      | Found a white marble altar of Elyvilon.
  3440 | D:4      | Found a runed translucent gate.
  3440 | D:4      | Found a runed translucent gate.
  3440 | D:4      | Found a runed translucent gate.
  3442 | D:4      | Identified the +1 plate armour of Divine Intervention
                  | {Will+}
  3442 | D:4      | Noticed an orc warrior
  3444 | D:4      | Noticed hikkokomori's ghost (amateur FoFi)
  3454 | D:4      | Identified the +6 spear "Riti" {drain, rN+}
  3454 | D:4      | Identified the +1 leather armour of Decompression {rF++ rC-
                  | rN+ Dex+3}
  3570 | D:4      | Found a roughly hewn altar of Beogh.
  3623 | D:5      | Entered Level 5 of the Dungeon
  3630 | D:5      | Reached skill level 6 in Axes
  3641 | D:5      | Reached skill level 1 in Dodging
  3788 | D:5      | Noticed a necrophage
  3798 | D:5      | Killed a necrophage
  3799 | D:5      | Reached skill level 5 in Armour
  3799 | D:5      | Reached XP level 7. HP: 59/60 MP: 7/7
  4052 | D:5      | Found Axtoll's Antique Armour Shoppe.
  4389 | D:6      | Reached skill level 5 in Fighting
  4407 | D:6      | Reached skill level 1 in Necromancy
  4685 | D:6      | Gained mutation: You have an increased reservoir of magic.
                  | (+10% MP) [potion of mutation]
  4685 | D:6      | Gained mutation: Your skin changes colour to match your
                  | surroundings (Stealth+). [potion of mutation]
  4690 | D:6      | HP: 2/61 [poisoned by a water moccasin]
  4691 | D:6      | Succumbed to a water moccasin's poison

Illustrated notes

Levels and vault maps discovered:
D:1:      nicolae_arrival_memento_mori, layout_rooms,
          ebering_ecumenical_altar_webs, minmay_unequal
D:2:      layout_basic, minmay_octomino_c4, uniq_robin
D:3:      layout_rooms, zin_purify, hangedman_decor_clover_reticule,
          minmay_stone_trees_small
D:4:      minmay_door_path, layout_loops_corners, lemuel_round_altar,
          mainiacjoe_overflow_paths, chequers_temple_overflow_minitemple,
          biasface_ghost_orc_armoury
D:5:      layout_basic, serial_shops, kennysheep_mini_moat
D:6:      layout_basic, serial_shops, shop

Skill      XL: |  1  2  3  4  5  6  7 |
---------------+----------------------+-----
Axes           | 4 5 6 |  6.8
Fighting       | 4 5 |  5.1
Armour         | 4 5 |  5.3
Shields        | 4 |  4.4
Dodging        | 1 |  1.2
Necromancy     | 1 |  1.2
Stealth        | |  0.3

Action                   |  1- 3 |  4- 6 |  7- 9 || total
-------------------------+-------+-------+-------++-------
Melee: War axe           |    33 |   230 |    64 ||   327
Evoke: Wand              |       |       |     1 ||     1
  Use: Potion            |     1 |       |     7 ||     8
       Scroll            |       |     1 |     1 ||     2
Armor: Scale mail        |    31 |    93 |    30 ||   154
Dodge: Dodged            |    22 |   116 |    26 ||   164
Block: Buckler           |    13 |    53 |    12 ||    78
